 Dungeon Crawl Stone Soup version 0.30-a0-364-gf6b3ef1049 (webtiles) character file.

Game seed: 11837110046446737913

2601 Destapler the Cudgeller (level 9, -2/132 HPs)
             Began as a Troll Berserker on Nov 16, 2022.
             Was a Priest of Trog.
             Killed by mirror damage (9 damage)
             ... on level 8 of the Dungeon.
             The game lasted 00:21:43 (6638 turns).

Destapler the Cudgeller (Troll Berserker)           Turns: 6638, Time: 00:21:44

Health: -2/132     AC:  7    Str: 31    XL:     9   Next: 33%
Magic:  0/8        EV: 12    Int:  3    God:    Trog [***...]
Gold:   428        SH:  0    Dex: 17    Spells: 8/8 levels left

rFire   + + .      SeeInvis .    a - +6 falchion "Uchuek" {holy, Contam rF++ Dex+8}
rCold   . . .      Faith    .    (no shield)
rNeg    . . .      Spirit   +    F - +0 troll leather armour
rPois   .          Reflect  .    (helmet restricted)
rElec   .          Harm     .    p - +0 cloak
rCorr   +          Rampage  .    (gloves unavailable)
Will    ++...                    (boots unavailable)
Stlth   ..........               d - amulet of guardian spirit
HPRegen 3.02/turn                v - ring of resist corrosion
MPRegen 0.11/turn                (no ring)

@: berserking, strong-willed, regenerating, very quick
A: large, unfitting armour, claws 3, regeneration 1, shaggy fur 1, tough skin 1
a: Renounce Religion, Berserk, Trog's Hand


You were on level 8 of the Dungeon.
You worshipped Trog.
Trog was most pleased with you.
You visited 1 branch of the dungeon, and saw 8 of its levels.

You collected 428 gold pieces.

Inventory:

Hand Weapons
 a - the +6 falchion "Uchuek" (weapon) {holy, Contam rF++ Dex+8}
   (You found it on level 6 of the Dungeon)

   It has been blessed by the Shining One to cause great damage to the undead
   and demons.
   Dex:       It affects your dexterity (+8).
   rF:        It greatly protects you from fire.
   Contam:    It causes magical contamination when unequipped.
 b - the +7 hammer of Syadogod {speed, rPois MP+9 Str-3 Int+5}
   (You found it on level 7 of the Dungeon)

   Attacks with this weapon are significantly faster.
   Str:       It affects your strength (-3).
   Int:       It affects your intelligence (+5).
   rPois:     It protects you from poison.
   MP:        It affects your magic capacity (+9).
Missiles
 B - 2 large rocks (quivered)
Armour
 p - a +0 cloak (worn)
 F - a +0 troll leather armour (worn)
Jewellery
 d - an amulet of guardian spirit (around neck)
 v - a ring of resist corrosion (left claw)
Wands
 t - a wand of digging (8)
 A - a wand of roots (14)
 D - a wand of acid (3)
Scrolls
 c - a scroll of identify
 e - 2 scrolls of teleportation
 f - a scroll of enchant weapon {unknown}
 g - 2 scrolls of noise {unknown}
 k - a scroll of fear {unknown}
 l - 2 scrolls of immolation {unknown}
 o - 3 scrolls of silence {unknown}
 s - 4 scrolls of torment {unknown}
 x - 2 scrolls of blinking {unknown}
 y - a scroll of magic mapping {unknown}
 z - a scroll of poison {unknown}
Potions
 h - 2 potions of invisibility
 i - a potion of haste
 j - a potion of flight
 m - 2 potions of magic {unknown}
 n - 3 potions of mutation
 q - 3 potions of heal wounds
 r - 3 potions of curing
 u - 2 potions of attraction
 w - a potion of resistance


   Skills:
 + Level 5.6 Fighting
 * Level 3.3 Long Blades
 + Level 2.7(4.3) Axes
 - Level 5.7(6.1) Maces & Flails
 + Level 3.0 Throwing
 - Level 2.0 Armour
 - Level 5.0 Dodging
 + Level 2.6 Evocations


You had 8 spell levels left.
You didn't know any spells.
Your spell library contained the following spells:

 Spells                   Type           Power      Damage    Failure   Level
 Beastly Appendage        Tmut           0%         N/A       56%         1
 Freeze                   Ice            0%         1d3       56%         1
 Sting                    Tmut/Pois      0%         1d3       56%         1
 Frozen Ramparts          Ice            0%         1d1       90%         3
 Hailstorm                Conj/Ice       0%         3d3       90%         3
 Airstrike                Air            0%         2d(0-16)  100%        4
 Ice Form                 Ice/Tmut       0%         N/A       100%        4
 Iskenderun's Mystic Bla  Conj/Tloc      0%         2d3       100%        4
 Summon Ice Beast         Ice/Summ       0%         N/A       100%        4
 Summon Lightning Spire   Summ/Air       0%         N/A       100%        4
 Irradiate                Conj/Tmut      0%         3d11      100%        5
 Lightning Bolt           Conj/Air       0%         1d11      100%        5
 Summon Mana Viper        Hex/Summ       0%         N/A       100%        5
 Simulacrum               Ice/Necr       0%         N/A       100%        6
 Monstrous Menagerie      Summ           0%         N/A       100%        7
 Disjunction              Tloc           0%         N/A       100%        8


Dungeon Overview and Level Annotations

Branches:
Dungeon (8/15)             Temple (0/1) D:6
   Lair: D:8-11

Altars:
Sif Muna
Trog
Vehumet
Wu Jian

Shops:
D:5 =   D:7 *   D:8 *


Innate Abilities, Weirdness & Mutations

You are too large for most types of armour.
You have claws for hands.
Your natural rate of healing is unusually fast.
You are covered in fur. (AC +1)
You have tough skin. (AC +1)


Message History

The death knight is lightly wounded.
The death knight offers itself to Yredelemnul, and fills with unholy energy.
The death knight hits you with a +0 great mace!!
* * * LOW HITPOINT WARNING * * *
You closely miss the death knight.
The death knight is lightly wounded.
The death knight mumbles some strange prayers to Yredelemnul against you.
Your body is wracked with pain!
* * * LOW HITPOINT WARNING * * *
You feel much better.
The death knight hits you with a +0 great mace!
* * * LOW HITPOINT WARNING * * *
Your skin crawls.
You feel strong-willed. The death knight barely misses you.
A red film seems to cover your vision as you go berserk!
You feel yourself moving faster!
You feel mighty!
The death knight hits you with a +0 great mace!
* * * LOW HITPOINT WARNING * * *
You slash the death knight!
The death knight is lightly wounded.
The death knight reflects your damage back at you!
* * * LOW HITPOINT WARNING * * *
The death knight barely misses you.
You closely miss the death knight.
The death knight is lightly wounded.
You completely miss the death knight.
The death knight is lightly wounded.
The death knight hits you with a +0 great mace.
* * * LOW HITPOINT WARNING * * *
You slash the death knight!
The death knight is moderately wounded.
The death knight reflects your damage back at you!
* * * LOW HITPOINT WARNING * * *
The death knight hits you with a +0 great mace!!
* * * LOW HITPOINT WARNING * * *
You slash the death knight!
The death knight is heavily wounded.
The death knight reflects your damage back at you!
You die...

#......(..........##
#..........(.(.....#
##.................#
##.........)......#
##.........).....##
######.#........)......#
....##.##..............#
......####......p......#
......######....@......#
..^.....## ##..........#
.........## ##.>.......#
..........# ###.......#
...........# ##......##
............# ###.....##
.............# ##.....##
.............. ####...#
.............. ##..#


You could see a death knight (reflects damage).

Vanquished Creatures
  2 trolls
  Grum (D:8)
  An ice beast (D:7)
  An ogre (D:5)
  2 centaurs
  A phantom (D:6)
  2 wolves (D:8)
  Blork the orc (D:5)
  4 bullfrogs
  4 scorpions
  Crazy Yiuf (D:7)
  4 hounds
  5 jellies
  3 orc priests (D:8)
  Ijyb (D:3)
  3 iguanas
  8 orc wizards
  4 gnolls (D:4)
  7 adders
  A shadow imp (D:5)
  A white imp (D:5)
  2 ufetubi
  3 dart slugs
  3 worms
  20 orcs
  4 ball pythons
  6 endoplasms
  3 giant cockroaches
  6 goblins
  7 hobgoblins
  5 kobolds
  5 quokkas
  5 bats
  5 frilled lizards
  2 rats (D:1)
133 creatures vanquished.

Vanquished Creatures (others)
  3 fungi (D:7)
3 creatures vanquished.

Grand Total: 136 creatures vanquished

Notes
Turn   | Place    | Note
-------+----------+-------------------------------------------
     0 | D:1      | Destapler the Troll Berserker began the quest for the Orb.
     0 | D:1      | Reached XP level 1. HP: 22/22 MP: 0/0
   189 | D:1      | Reached XP level 2. HP: 29/29 MP: 1/1
   726 | D:2      | Reached ** piety under Trog
   739 | D:2      | Reached XP level 3. HP: 33/36 MP: 0/2
  1782 | D:3      | Reached XP level 4. HP: 41/45 MP: 3/3
  1813 | D:3      | Noticed Ijyb
  1830 | D:3      | Killed Ijyb
  1873 | D:3      | Found a radiant altar of Vehumet.
  2464 | D:4      | Reached XP level 5. HP: 52/53 MP: 4/4
  2600 | D:4      | Got the Catalogue of Changing Shifting
  2961 | D:5      | Entered Level 5 of the Dungeon
  2975 | D:4      | Reached XP level 6. HP: 41/62 MP: 3/5
  3086 | D:5      | Found Cuadute's Jewellery Emporium.
  3401 | D:5      | Reached XP level 7. HP: 65/70 MP: 4/6
  3629 | D:5      | Reached skill level 5 in Maces & Flails
  3739 | D:5      | Found a shimmering blue altar of Sif Muna.
  3748 | D:5      | Found an ornate altar of the Wu Jian Council.
  3851 | D:5      | Noticed Blork the orc
  3857 | D:5      | Killed Blork the orc
  3858 | D:5      | Found a bloodstained altar of Trog.
  3958 | D:6      | Found a staircase to the Ecumenical Temple.
  4144 | D:6      | Reached skill level 1 in Throwing
  4144 | D:6      | Reached XP level 8. HP: 68/79 MP: 2/7
  4150 | D:6      | Reached skill level 1 in Axes
  4150 | D:6      | Reached skill level 1 in Armour
  4188 | D:6      | Reached *** piety under Trog
  4189 | D:6      | Reached skill level 1 in Evocations
  4321 | D:6      | Reached skill level 5 in Fighting
  4331 | D:6      | Identified the +6 falchion "Uchuek" {holy, Contam rF++
                  | Dex+8}
  4398 | D:6      | Reached skill level 5 in Dodging
  4676 | D:7      | Found Evoth's Assorted Antiques.
  4690 | D:7      | Noticed a troll
  4702 | D:6      | Killed a troll
  4703 | D:6      | Reached skill level 1 in Long Blades
  4785 | D:7      | Noticed a troll
  4800 | D:7      | Killed a troll
  5008 | D:7      | Reached XP level 9. HP: 83/88 MP: 8/8
  5221 | D:7      | Found a runed translucent door.
  5222 | D:7      | Noticed Crazy Yiuf
  5498 | D:7      | Killed Crazy Yiuf
  5502 | D:7      | Identified the +7 hammer of Syadogod {speed, rPois MP+9
                  | Str-3 Int+5}
  5871 | D:8      | Noticed Grum
  5907 | D:8      | Killed Grum
  6402 | D:8      | Found Wirph's General Store.
  6598 | D:8      | Noticed a purple ugly thing
  6598 | D:8      | Noticed a death knight
  6638 | D:8      | Killed by mirror damage

Illustrated notes

Levels and vault maps discovered:
D:1:      lordsloth_arrival_two_stooges, layout_loops_ring
D:2:      minmay_spotlight, layout_loops_ring
D:3:      layout_loops_corners, lemuel_round_altar,
          nicolae_figureground_sparkle, uniq_ijyb
D:4:      layout_basic
D:5:      layout_loops_ring, trog_antimagical, mainiacjoe_overflow_swirl,
          serial_shops, shop, uniq_blork_the_orc
D:6:      layout_rooms, minmay_temple_entry_overgrown
D:7:      layout_basic, serial_shops, shop, serial_rivers,
          chequers_serial_rivers_micro_a, chequers_serial_rivers_small_3,
          chequers_serial_rivers_large_a, chequers_serial_rivers_micro_b,
          chequers_serial_rivers_micro_d, uniq_crazy_yiuf_cottage
D:8:      layout_cave_pods, mainiacjoe_overflow_catwalk, serial_shops,
          nicolae_shop_statue_plus, minmay_the_grid_2x2
          [minmay_the_grid_all_tris, minmay_the_grid_minigrid_small,
          minmay_the_grid_x, minmay_the_grid_prize_trominoes], uniq_grum

Skill      XL: |  1  2  3  4  5  6  7  8  9 |
---------------+----------------------------+-----
Maces & Flails | 3 4 5 |  5.7
Fighting       | 3 4 5 |  5.6
Dodging        | 3 4 5 |  5.0
Throwing       | 1 2 3 |  3.0
Axes           | 2 |  2.7
Armour         | 2 |  2.0
Evocations     | 2 |  2.6
Long Blades    | 2 3 |  3.3

Action                   |  1- 3 |  4- 6 |  7- 9 || total
-------------------------+-------+-------+-------++-------
Melee: Mace              |   129 |   167 |    66 ||   362
       Punch             |     1 |     1 |     2 ||     4
       War axe           |       |       |    82 ||    82
       Giant club        |       |       |    18 ||    18
       Falchion          |       |       |    99 ||    99
Throw: Large rock        |       |       |     7 ||     7
Invok: Berserk           |       |     2 |     6 ||     8
       Trog's Hand       |       |       |     1 ||     1
Evoke: Wand              |       |       |     4 ||     4
  Use: Scroll            |       |       |    10 ||    10
       Potion            |       |       |     4 ||     4
 Stab: Sleeping          |     1 |       |       ||     1
       Invisible         |       |       |     2 ||     2
Armor: Animal skin       |    61 |    51 |    56 ||   168
       Troll leather arm |       |       |    23 ||    23
Dodge: Dodged            |    64 |   123 |   128 ||   315

Table legend: (Time is in decaauts)
 A = Elapsed time spent in this place.
 B = Non-inter-level travel time spent in this place.
 C = Inter-level travel time spent in this place.
 D = Time resting spent in this place.
 E = Time spent auto-exploring this place.
 F = Levels seen in this place.
 G = Mean time per level.
                   A        B        C        D        E       F      G
               +--------+--------+--------+--------+--------+-----+--------+
         Total |   6849 |   6103 |    746 |    238 |   4318 |   8 |  856.1 |
       Dungeon |   6849 |   6103 |    746 |    238 |   4318 |   8 |  856.1 |
               +--------+--------+--------+--------+--------+-----+--------+

Top non-repeatable levels by time:
     D:7: 1218 daAuts
     D:5: 993 daAuts
     D:3: 967 daAuts
     D:2: 922 daAuts
     D:6: 810 daAuts
     D:1: 739 daAuts
     D:4: 682 daAuts
     D:8: 514 daAuts
